 Dungeon Crawl Stone Soup version 0.17.1-2-g5865329 (webtiles) character file.

690 Psiweapon the Cudgeler (level 7, -8/52 HPs)
             Began as a Mummy Fighter on Jan 31, 2016.
             Was an Initiate of Ashenzari.
             Killed from afar by an orc wizard (9 damage)
             ... with a puff of flame
             ... on level 5 of the Dungeon.
             The game lasted 00:11:26 (4286 turns).

Psiweapon the Cudgeler (Mummy Fighter)              Turns: 4286, Time: 00:11:26

Health: -8/52      AC:  7    Str: 22    XL:     7   Next: 36%
Magic:  7/7        EV:  7    Int:  7    God:    Ashenzari [......]
Gold:   243        SH:  9    Dex: 11    Spells: 0 memorised, 6 levels left

rFire  x . .     SeeInvis .     a - +0 flail
rCold  + . .     Clarity  .     b - +0 scale mail
rNeg   + + +     SustAt   .     c - +0 shield
rPois  ∞         Gourm    .     (no helmet)
rElec  .         Spirit   .     (no cloak)
rCorr  .         Warding  .     f - +0 pair of gloves
rMut   .         Stasis   .     (no boots)
MR     .....                    (no amulet)
Stlth  ..........               (no ring)
                                (no ring)

@: not resistant to hostile enchantments, extremely unstealthy
A: no food or potions, fire vulnerability, cold resistance 1, negative energy
resistance 3, torment resistance, unbreathing
a: Renounce Religion


You were on level 5 of the Dungeon.
You worshipped Ashenzari.
Ashenzari was noncommittal.
You were not hungry.

You visited 1 branch of the dungeon, and saw 5 of its levels.

You collected 243 gold pieces.

Inventory:

Hand Weapons
 a - a +0 flail (weapon)
 i - a +1 dagger of speed
Missiles
 e - 22 bolts
Armour
 b - a +0 scale mail (worn)
 c - a +0 shield (worn)
 f - a +0 pair of gloves (worn)
Wands
 l - a wand of paralysis (12)
 n - a wand of polymorph (11)
Scrolls
 d - 9 scrolls of identify {unknown}
 g - 2 scrolls of teleportation
 h - a scroll of magic mapping {unknown}
 j - a scroll of fog {unknown}
 k - a scroll of noise {unknown}
 m - a scroll of random uselessness {unknown}


   Skills:
 - Level 3.0 Fighting
 + Level 7.0 Maces & Flails
 - Level 2.4 Armour
 - Level 2.4 Shields


You had 6 spell levels left.
You didn't know any spells.

Dungeon Overview and Level Annotations

Branches:
Dungeon (5/15)
 Temple: D:4-7

Altars:
Ashenzari
Dithmenos
Elyvilon
Fedhas
Gozag
Sif Muna
Yredelemnul

Shops:
D:5 [


Innate Abilities, Weirdness & Mutations

You do not eat or drink.
Your flesh is vulnerable to fire.
You are immune to poison.
Your flesh is cold resistant.
You are immune to negative energy.
You are immune to unholy pain and torment.
You can survive without breathing.


Message History

You hear the hiss of flowing sand.
There is an entrance to an ossuary on this level.
Hurry and find it before the portal is buried!
There is a stone staircase leading up here.
You hit the orc wizard but do no damage.
You block the orc wizard's attack. The orc wizard completely misses you.
You barely miss the orc wizard. The orc wizard hits you with a dagger.
* * * LOW HITPOINT WARNING * * *
The orc wizard barely misses you.
You hit the orc wizard but do no damage.
The orc wizard hits you but does no damage.
You block the orc wizard's attack.
Your shield and scale mail prevent you from hitting the orc wizard.
The orc wizard casts a spell at you. The magic dart hits you!
* * * LOW HITPOINT WARNING * * *
You completely miss the orc wizard.
The orc wizard casts a cantrip, but nothing happens.
The orc wizard points at you and mumbles some strange words.
The puff of flame hits you! The fire burns you terribly!
You die...

######## #..# .......#
#..# ######.# #..####
#.# #..#..# #.# #..#..#
#.# #..#..# #.# #..#..#
#.# #..#..######### #.#
#..@..........#
#.########.#o.######.##
#.(................#.#
############..##.#.#.#
#....).....#.#.#.#
#.######.#.._..#.# #.#
#...#.#.#.#
#.##########.###.#
#................#


You could see an orc wizard.

Vanquished Creatures
  3 ogres
  A scorpion (D:5)
  A giant frog skeleton (D:4)
  2 orc priests
  An orc wizard (D:5)
  A hound (D:4)
  A worker ant (D:4)
  10 adders
  An ooze (D:2)
  2 adder zombies (D:1)
  3 worms (D:3)
  4 giant geckos
  6 orcs
  7 hobgoblins
  11 jackals
  2 quokkas (D:2)
  A ball python (D:3)
  6 bats
  8 giant cockroaches
  2 giant newts
  16 goblins
  11 kobolds
  11 rats
111 creatures vanquished.

Notes
Turn   | Place    | Note
--------------------------------------------------------------
     0 | D:1      | Psiweapon the Mummy Fighter began the quest for the Orb.
     0 | D:1      | Reached XP level 1. HP: 18/18 MP: 1/1
    69 | D:1      | Reached XP level 2. HP: 21/24 MP: 2/2
   176 | D:2      | You fall through a shaft!
   455 | D:1      | Reached XP level 3. HP: 29/29 MP: 3/3
   963 | D:1      | Reached XP level 4. HP: 35/35 MP: 4/4
  1218 | D:2      | Found a white marble altar of Elyvilon.
  1294 | D:2      | Found a basalt altar of Yredelemnul.
  1882 | D:2      | Reached skill level 4 in Maces & Flails
  1956 | D:2      | Found a deep blue altar of Sif Muna.
  1956 | D:2      | Found an opulent altar of Gozag.
  1975 | D:2      | Found a shattered altar of Ashenzari.
  1987 | D:2      | Reached XP level 5. HP: 26/41 MP: 5/5
  1994 | D:2      | Became a worshipper of Ashenzari the Shackled
  2575 | D:3      | Found a shadowy altar of Dithmenos.
  2815 | D:3      | Reached skill level 5 in Maces & Flails
  3320 | D:4      | Reached XP level 6. HP: 41/47 MP: 6/6
  3525 | D:4      | Noticed an ogre
  3550 | D:4      | Killed an ogre
  3550 | D:4      | Reached skill level 6 in Maces & Flails
  3566 | D:4      | HP: 2/47 [worker ant (3)]
  3901 | D:5      | Entered Level 5 of the Dungeon
  3956 | D:5      | Found Motrusat's Antique Armour Shop.
  4038 | D:5      | Reached XP level 7. HP: 43/52 MP: 7/7
  4066 | D:5      | Found a blossoming altar of Fedhas.
  4272 | D:4      | Noticed an ogre
  4279 | D:4      | Killed an ogre
  4279 | D:4      | Reached skill level 7 in Maces & Flails
  4285 | D:5      | HP: 1/52 [orc wizard/magic dart (9)]
  4286 | D:5      | Killed from afar by an orc wizard

Action                   |  1- 3 |  4- 6 |  7- 9 || total
-------------------------+-------+-------+-------++-------
Melee: Flail             |    96 |   331 |    16 ||   443
  Use: Scroll            |       |     1 |       ||     1
